 Dungeon Crawl Stone Soup version 0.22-b1-26-g9dbaab1 (webtiles) character file.

2619 Lew the Skirmisher (level 9, -12/71 HPs)
             Began as a Demonspawn Fighter on Aug 8, 2018.
             Was a Priest of Yredelemnul.
             Mangled by a two-headed ogre
             ... wielding a +3 dire flail
              (21 damage)
             ... on level 7 of the Dungeon.
             The game lasted 00:37:20 (7257 turns).

Lew the Skirmisher (Demonspawn Fighter)             Turns: 7257, Time: 00:37:22

Health: -12/71     AC: 14    Str: 20    XL:     9   Next: 34%
Magic:  12/12      EV:  6    Int: 11    God:    Yredelemnul [***...]
Gold:   306        SH: 10    Dex: 15    Spells: 8/8 levels left

rFire    + . .     SeeInvis .   x - +6 long sword "Demonbane" {slice, rF+ Dex+2}
rCold    . . .     Gourm    .   c - +1 shield
rNeg     . . .     Faith    .   v - +0 plate armour
rPois    .         Spirit   .   (no helmet)
rElec    .         Reflect  .   t - scarf {repulsion}
rCorr    .         Harm     .   (no gloves)
MR       .....                  (no boots)
Stlth    ..........             e - amulet of magic regeneration
HPRegen  0.21/turn              p - +2 ring of intelligence
MPRegen  0.38/turn              h - ring of wizardry

@: repel missiles
A: talons 2, yellow scales 1, powered by death 1, spiny 2
a: Recall Undead Slaves, Injury Mirror, Animate Dead, Renounce Religion


You were on level 7 of the Dungeon.
You worshipped Yredelemnul.
Yredelemnul was most pleased with you.
You were not hungry.

You visited 2 branches of the dungeon, and saw 8 of its levels.
You also visited: Sewer.

You collected 306 gold pieces.

Inventory:

Hand Weapons
 u - a +4 battleaxe
 x - the +6 long sword "Demonbane" (weapon) {slice, rF+ Dex+2}
   (You found it on level 6 of the Dungeon)

   It inflicts extra damage upon your enemies.
   It affects your dexterity (+2).
   It protects you from fire.
Missiles
 b - 5 tomahawks (quivered)
Armour
 c - a +1 shield (worn)
 i - a +0 ring mail
 t - a scarf of repulsion (worn)
 v - a +0 plate armour (worn)
Jewellery
 e - an amulet of magic regeneration (around neck)
 h - a ring of wizardry (right hand)
 p - a +2 ring of intelligence (left hand)
Wands
 w - a wand of iceblast (12)
Scrolls
 a - a scroll of random uselessness
 g - 2 scrolls of remove curse
 j - a scroll of holy word {unknown}
 l - a scroll of enchant armour
 n - 4 scrolls of identify
 o - 2 scrolls of amnesia
 r - 4 scrolls of teleportation
Potions
 d - a potion of might
 k - 3 potions of brilliance
 m - 2 potions of magic
 q - a potion of degeneration
 s - 4 potions of curing
 z - a potion of lignification {unknown}
Comestibles
 f - 8 rations


   Skills:
 + Level 6.8 Fighting
 * Level 2.4 Long Blades
 - Level 2.4 Axes
 + Level 5.8 Armour
 + Level 5.1 Dodging
 - Level 2.6 Shields
 - Level 4.8 Unarmed Combat
 + Level 4.8 Invocations


You had 8 spell levels left.
You didn't know any spells.
Your spell library was empty.

Dungeon Overview and Level Annotations

Branches:
Dungeon (7/15)             Temple (1/1) D:6

Altars:
Ashenzari
Dithmenos
Elyvilon
Fedhas
Gozag
Hepliaklqana
Makhleb
Nemelex Xobeh
Okawaru
Qazlal
Ru
Sif Muna
Trog
Uskayaw
Vehumet
Wu Jian
Xom
Yredelemnul
Zin
The Shining One

Shops:
D:6 :

Annotations:
D:7 1 transporter


Innate Abilities, Weirdness & Mutations

You have razor-sharp toenails.
You are partially covered in yellow scales. (AC +2)
You regenerate a little health from kills.
You are mostly covered in sharp spines.


Message History

Your flying skull closely misses something.
The stone arrow hits your flying skull.
Your flying skull is destroyed!
The two-headed ogre hits you with an enchanted dire flail.
The two-headed ogre hits you with an enchanted great mace!
* * * LOW HITPOINT WARNING * * *
Rwicked's ghost turns its malevolent gaze towards you.
You block the two-headed ogre's attack.
The two-headed ogre hits you with an enchanted great mace!
* * * LOW HITPOINT WARNING * * *
Things that are here:
a giant spiked club; an ogre corpse You slash Rwicked's ghost!
You destroy Rwicked's ghost!
Yredelemnul accepts your kill.
Your Long Blades skill increases to level 2!
The two-headed ogre is struck by your spines.
The two-headed ogre hits you with an enchanted dire flail!!
You die...
Your body rises from the dead as a mindless zombie.

...... ...#.
########..#
#......#..#
#..##..#..#
#.#..#.#..##
#.#..#.#...#
#).##O$#©..#
#©.)@.(#...#
#..##.?#©.##
#.#..#.#..#
#.#..#.#..# #.
#..##..#..# ##.
#©.....#..#.##.######
########.............
#####.#.#####.......
#.....#.# #.###...


You could see a two-headed ogre.

Vanquished Creatures
  The ghost of Rwicked the Geomancer, a novice GrEE (D:7)
  Edmund (D:5)
  Duvessa (D:4)
  An ice beast (D:7)
  2 orc warriors
  4 ogres
  A phantom (D:5)
  2 centaurs (D:6)
  A big kobold (Sewer)
  2 bullfrogs (D:6)
  Blork the orc (D:4)
  Dowan (D:4)
  3 wights (D:6)
  A centaur zombie (D:6)
  A bullfrog zombie (D:5)
  2 orc priests
  An iguana (D:5)
  6 orc wizards
  Jessica (D:2)
  2 worker ants (D:6)
  A hound skeleton (D:5)
  9 adders
  A river rat (D:3)
  A shadow imp (D:5)
  2 oozes (Sewer)
  2 adder skeletons (D:4)
  3 worms
  A dart slug (D:4)
  4 leopard geckos
  28 orcs
  7 bats
  3 giant cockroaches
  5 goblins
  11 hobgoblins
  8 jackals
  3 quokkas (D:4)
  6 ball pythons
  9 frilled lizards
  A giant cockroach zombie (D:5)
  20 kobolds
  11 rats
171 creatures vanquished.

Vanquished Creatures (collateral kills)
  Grinder (D:4)
  An ogre (D:7)
  A centaur skeleton (D:4)
  An orc wizard (D:4)
  A worker ant (D:4)
  A hound skeleton (D:4)
6 creatures vanquished.

Vanquished Creatures (others)
  2 flying skulls (D:7)
  2 ogre zombies
  An adder zombie (D:4)
  4 orc zombies
  A kobold zombie (D:3)
10 creatures vanquished.

Grand Total: 187 creatures vanquished

Notes
Turn   | Place    | Note
-------+----------+-------------------------------------------
     0 | D:1      | Lew the Demonspawn Fighter began the quest for the Orb.
     0 | D:1      | Reached XP level 1. HP: 18/18 MP: 1/1
    68 | D:1      | Gained mutation: You are partially covered in sharp spines. [demonic ancestry]
    68 | D:1      | Reached XP level 2. HP: 11/24 MP: 2/2
   918 | D:2      | Reached skill level 1 in Dodging
   918 | D:2      | Reached XP level 3. HP: 28/30 MP: 3/3
   946 | D:2      | Found an ornate altar of the Wu Jian Council.
  1157 | D:2      | Found a basalt altar of Yredelemnul.
  1223 | D:2      | Became a worshipper of Yredelemnul the Dark
  1290 | D:2      | Reached skill level 4 in Fighting
  1290 | D:2      | Gained mutation: You have sharp toenails. [demonic ancestry]
  1290 | D:2      | Reached XP level 4. HP: 35/37 MP: 4/4
  1364 | D:2      | Noticed Jessica
  1369 | D:2      | Killed Jessica
  1704 | D:2      | Reached skill level 1 in Unarmed Combat
  1854 | D:3      | Found a glowing drain.
  1857 | D:3      | Reached * piety under Yredelemnul
  1865 | Sewer    | Entered a sewer
  1908 | Sewer    | Gained mutation: You are mostly covered in sharp spines. [demonic ancestry]
  1908 | Sewer    | Reached XP level 5. HP: 34/42 MP: 5/5
  2622 | D:3      | Gained mutation: You regenerate a little health from kills. [demonic ancestry]
  2622 | D:3      | Reached XP level 6. HP: 47/49 MP: 6/6
  2659 | D:3      | Reached ** piety under Yredelemnul
  3183 | D:3      | Found an opulent altar of Gozag.
  3252 | D:4      | Noticed Duvessa
  3252 | D:4      | Noticed Dowan
  3257 | D:4      | Killed Dowan
  3267 | D:4      | Killed Duvessa
  3267 | D:4      | Reached skill level 1 in Invocations
  3460 | D:4      | Reached skill level 5 in Fighting
  3460 | D:4      | Reached XP level 7. HP: 56/56 MP: 6/8
  3881 | D:4      | Noticed Blork the orc
  3885 | D:4      | Killed Blork the orc
  4011 | D:4      | Noticed Grinder
  4026 | D:4      | Killed Grinder
  4549 | D:5      | Entered Level 5 of the Dungeon
  4611 | D:5      | Gained mutation: You have razor-sharp toenails. [demonic ancestry]
  4611 | D:5      | Reached XP level 8. HP: 58/63 MP: 9/9
  4844 | D:5      | Found a hide-covered altar of Uskayaw.
  4921 | D:5      | Reached *** piety under Yredelemnul
  5182 | D:5      | Noticed Edmund
  5188 | D:5      | Killed Edmund
  5281 | D:5      | Reached skill level 6 in Fighting
  5281 | D:5      | Reached skill level 5 in Armour
  5620 | D:6      | Found a shadowy altar of Dithmenos.
  5679 | D:6      | Found a staircase to the Ecumenical Temple.
  5856 | D:6      | Found Ylata's Book Shoppe.
  6168 | D:6      | Got a transparent long sword
  6169 | D:6      | Identified the +6 long sword "Demonbane" {slice, rF+ Dex+2} (You found it on level 6 of the Dungeon)
  6295 | D:6      | Gained mutation: You are partially covered in yellow scales. (AC +2) [demonic ancestry]
  6295 | D:6      | Reached XP level 9. HP: 69/71 MP: 10/12
  6298 | D:6      | Received a gift from Yredelemnul (2 flying skulls)
  6724 | Temple   | Entered the Ecumenical Temple
  7077 | D:7      | Reached skill level 1 in Long Blades
  7206 | D:7      | Found a transporter.
  7224 | D:7      | Noticed Rwicked's ghost (novice GrEE)
  7225 | D:7      | Found a transporter.
  7226 | D:7      | Noticed a two-headed ogre
  7249 | D:7      | Reached skill level 5 in Dodging
  7257 | D:7      | Killed Rwicked's ghost
  7257 | D:7      | Mangled by a two-headed ogre

Skill      XL: |  1  2  3  4  5  6  7  8  9 |
---------------+----------------------------+-----
Axes           | 2 |  2.4
Dodging        | 1 2 3 4 5 |  5.1
Fighting       | 4 5 6 |  6.8
Armour         | 3 4 5 |  5.8
Unarmed Combat | 1 2 3 4 |  4.8
Invocations    | 1 2 4 |  4.8
Long Blades    | 2 |  2.4
Shields        | |  2.6

Action                   |  1- 3 |  4- 6 |  7- 9 || total
-------------------------+-------+-------+-------++-------
Melee: War axe           |    81 |   132 |    44 ||   257
       Kick              |       |    29 |    47 ||    76
       Battleaxe         |       |       |    36 ||    36
       Unarmed           |       |       |    31 ||    31
       Long sword        |       |       |    34 ||    34
Invok: Animate Remains   |       |     3 |     5 ||     8
       Animate Dead      |       |       |     4 ||     4
       Recall Undead Sla |       |       |     1 ||     1
  Use: Scroll            |     3 |     7 |     6 ||    16
       Potion            |       |     9 |     1 ||    10
 Stab: Distracted        |       |       |     1 ||     1
  Eat: Chunk             |       |     6 |     4 ||    10
       Ration            |       |     1 |     4 ||     5
Armor: Scale mail        |    33 |       |       ||    33
       Ring mail         |    14 |    31 |    12 ||    57
       Plate armour      |       |       |    43 ||    43
Dodge: Dodged            |    23 |    34 |    50 ||   107
       Deflected         |       |       |     3 ||     3
Block: Shield            |    42 |    78 |    56 ||   176
       Rpst.: Long sword |       |       |     4 ||     4
